 Dungeon Crawl Stone Soup version 0.27-a0-1119-gbf574a6a6b (webtiles) character file.

Game seed: 17151381445783837464

81 Zeld the Chucker (level 4, -4/31 HPs)
             Began as an Octopode Fighter on May 2, 2021.
             Succumbed to an orc priest's poison
             ... on level 3 of the Dungeon.
             The game lasted 00:01:44 (2570 turns).

Zeld the Chucker (Octopode Fighter)                 Turns: 2570, Time: 00:01:44

Health: -4/31      AC:  5    Str: 16    XL:     4   Next: 40%
Magic:  4/4        EV: 11    Int: 10    God:
Gold:   59         SH:  8    Dex: 11    Spells: 3/3 levels left

rFire    + . .     SeeInvis .   a - +0 war axe
rCold    + . .     Faith    .   b - +0 kite shield
rNeg     . . .     Spirit   .   (helmet restricted)
rPois    +         Reflect  .   (no amulet)
rElec    +         Harm     .   k - +4 ring of protection
rCorr    +         Rampage  .   (no ring)
Will     .....                  (no ring)
Stlth    ++........             (no ring)
HPRegen  0.10/turn              (no ring)
MPRegen  0.09/turn              (no ring)
                                (no ring)
                                (no ring)

@: lethally poisoned (-4 -> -31), resistant
A: almost no armour, amphibious, 8 rings, camouflage 1, gelatinous body 1,
(nimble swimmer 1), tentacles
a: no special abilities


You were on level 3 of the Dungeon.
You visited 1 branch of the dungeon, and saw 3 of its levels.

You collected 59 gold pieces.

Inventory:

Hand Weapons
 a - a +0 war axe (weapon)
Missiles
 e - 41 poisoned darts (quivered)
Armour
 b - a +0 kite shield (worn)
Jewellery
 k - a +4 ring of protection (left tentacle)
Scrolls
 g - a scroll of noise {unknown}
 i - a scroll of enchant weapon {unknown}
 j - a scroll of teleportation {unknown}
 l - a scroll of identify {unknown}
Potions
 c - a potion of might
 d - a potion of curing {unknown}
 f - a potion of haste {unknown}
 h - a potion of brilliance {unknown}
 m - a potion of resistance


   Skills:
 - Level 3.0 Fighting
 - Level 2.1 Axes
 * Level 3.6 Throwing
 - Level 3.0 Dodging
 - Level 3.0 Shields


You had 3 spell levels left.
You didn't know any spells.
Your spell library was empty.

Dungeon Overview and Level Annotations

Branches:
Dungeon (3/15)

Altars:
Beogh

Shops:
D:2 [


Innate Abilities, Weirdness & Mutations

You cannot wear most types of armour.
You are amphibious.
You can wear up to eight rings at the same time.
Your skin changes colour to match your surroundings (Stealth+).
Your rubbery body absorbs attacks. (AC +1, EV +1)
((You are camouflaged near water. (Stealth+)))
You have tentacles for arms and can constrict up to eight enemies at once.


Message History

The orc priest shouts!
The orc priest shouts!
You block the orc priest's attack. The orc wizard barely misses you.
You barely miss the orc priest. Your grab misses the orc priest.
You squeeze the orc priest!
The orc priest is heavily wounded.
You closely miss the orc wizard. You block the orc priest's attack.
The orc wizard barely misses you.
You barely miss the orc priest. Your grab misses the orc priest.
The orc priest is heavily wounded.
Your shield prevents you from hitting the orc priest.
You hit the orc wizard.
The orc priest hits you with a +0 short sword.
You block the orc wizard's attack.
The orc priest hits you with a +2 hand axe of venom!
You are poisoned.
You block the orc priest's attack.
The orc wizard hits you with a +0 dagger.
The orc priest hits you but does no damage.
You are more poisoned.
You barely miss the orc priest. You grab the orc priest.
The orc priest is heavily wounded.
You closely miss the orc priest. You hit the orc wizard.
You constrict the orc priest.
* * * LOW HITPOINT WARNING * * *
You feel extremely sick. You block the orc priest's attack.
You block the orc wizard's attack.
The orc priest hits you with a +2 hand axe of venom.
* * * LOW HITPOINT WARNING * * *
You are more poisoned.
The orc priest calls upon Beogh to heal the orc wizard.
The orc wizard's wounds heal themselves!
The orc wizard hits you with a +0 dagger.
* * * LOW HITPOINT WARNING * * *
The orc priest looks encouraged for a moment.
It was a potion of resistance.
You feel protected.
You constrict the orc priest.
You kill the orc priest!
You die...

...# ... #.. #
#..##
.##.#...######
....#.#.##.$$##
..........#.8)8.#
#.. #.....'.@o._#
###..####.#.#.8o8$#
...........##.$.##
#...###.#..#####
#.###...# #.#...#
#.......###...#.#
#.# #...........#
#.# #...###.....#
#.# #............#


You could see an orc priest and an orc wizard.

Vanquished Creatures
  An orc priest (D:3)
  3 adders
  A worm (D:2)
  4 bats
  4 endoplasms
  A giant cockroach (D:1)
  2 goblins
  4 hobgoblins
  6 jackals
  5 quokkas
  6 ball pythons
  A frilled lizard (D:1)
  4 kobolds
  4 rats
46 creatures vanquished.

Notes
Turn   | Place    | Note
-------+----------+-------------------------------------------
     0 | D:1      | Zeld the Octopode Fighter began the quest for the Orb.
     0 | D:1      | Reached XP level 1. HP: 16/16 MP: 1/1
   209 | D:1      | Reached skill level 1 in Throwing
   209 | D:1      | Reached XP level 2. HP: 12/21 MP: 2/2
   216 | D:1      | HP: 1/21 [jackal (2)]
   888 | D:1      | Reached XP level 3. HP: 26/26 MP: 3/3
   896 | D:1      | Found a faded altar of an unknown god.
  1407 | D:2      | HP: 1/26 [poisoned by an adder]
  1831 | D:2      | Found Ledokytt's Antique Armour Boutique.
  2101 | D:2      | Reached XP level 4. HP: 21/31 MP: 4/4
  2569 | D:3      | HP: 1/31 [orc wizard/+0 dagger (5)]
  2570 | D:3      | Succumbed to an orc priest's poison

Illustrated notes

Levels and vault maps discovered:
D:1:      kennysheep_arrival_forest, layout_basic, shapermc_ecumenical_altar_gd
D:2:      layout_rooms, serial_shops, shop_fountains,
          amcnicky_mini_rare_corridor_liquid
D:3:      layout_basic, ebering_ghost_sewer_d, kennysheep_orc_chapel,
          uniq_terence

Skill      XL: |  1  2  3 |
---------------+----------+-----
Throwing       | 1 2 3 |  3.6
Fighting       | |  3.0
Axes           | |  2.1
Dodging        | |  3.0
Shields        | |  3.0

Action                   |  1- 3 |  4- 6 || total
-------------------------+-------+-------++-------
Melee: War axe           |    69 |    19 ||    88
       Constrict         |    20 |     5 ||    25
       Tentacles         |    10 |     4 ||    14
  Use: Potion            |       |     1 ||     1
 Stab: Sleeping          |     4 |     2 ||     6
Armor: Skin              |     4 |     5 ||     9
Dodge: Dodged            |    48 |    12 ||    60
Block: Kite shield       |    43 |    12 ||    55

Table legend: (Time is in decaauts)
 A = Elapsed time spent in this place.
 B = Non-inter-level travel time spent in this place.
 C = Inter-level travel time spent in this place.
 D = Time resting spent in this place.
 E = Time spent auto-exploring this place.
 F = Levels seen in this place.
 G = Mean time per level.
                   A        B        C        D        E       F      G
               +--------+--------+--------+--------+--------+-----+--------+
         Total |   2625 |   2593 |     32 |    405 |   1851 |   3 |  875.0 |
       Dungeon |   2625 |   2593 |     32 |    405 |   1851 |   3 |  875.0 |
               +--------+--------+--------+--------+--------+-----+--------+

Top non-repeatable levels by time:
     D:2: 1289 daAuts
     D:1: 1186 daAuts
     D:3: 149 daAuts
